 Dungeon Crawl Stone Soup version 0.31-a0-200-gbc41564c69 (webtiles) character file.

Game seed: 11171951819895943276

403 qw the Skirmisher (level 6, 0/35 HPs)
             Began as a Deep Elf Hunter on June 25, 2023.
             Slain by an ogre
             ... wielding a +0 giant club
              (16 damage)
             ... on level 6 of the Dungeon.
             The game lasted 00:01:26 (3125 turns).

qw the Skirmisher (Deep Elf Hunter)                 Turns: 3125, Time: 00:01:26

Health: 0/35       AC:  7    Str: 10    XL:     6   Next: 55%
Magic:  8/8        EV: 11    Int: 14    God:
Gold:   266        SH:  0    Dex: 18    Spells: 5/5 levels left

rFire   . . .        Y - +1 shortbow
rCold   . . .        (shield currently unavailable)
rNeg    . . .        b - +0 ring mail
rPois   +            p - +0 helmet
rElec   .            (no cloak)
rCorr   .            c - +0 pair of gloves
SInv    .            (no boots)
Will    +....        (no amulet)
Stlth   +            f - ring of willpower
HPRegen 0.25/turn    m - ring of poison resistance
MPRegen 0.11/turn

%: no passive effects
@: hasted, very quick
A: no striking features
a: no special abilities


You were on level 6 of the Dungeon.
You visited 2 branches of the dungeon, and saw 8 of its levels.

You collected 266 gold pieces.


   Skills:
 - Level 2.0 Fighting
 - Level 10.0 Ranged Weapons
 - Level 1.1 Armour
 + Level 2.4 Dodging
 - Level 1.2 Stealth


You had 5 spell levels left.
You didn't know any spells.
Your spell library was empty.

Inventory:

Hand Weapons
 Y - a +1 shortbow (weapon)
Armour
 b - a +0 ring mail (worn)
 c - a +0 pair of gloves (worn)
 p - a +0 helmet (worn)
Jewellery
 f - a ring of willpower (left hand)
 m - a ring of poison resistance (right hand)
Wands
 j - a wand of digging (3)
Scrolls
 a - a scroll of identify
 k - 4 scrolls of teleportation
Potions
 d - a potion of mutation
 e - a potion of heal wounds
 g - a potion of enlightenment
 h - a potion of resistance
 i - 2 potions of curing
 n - a potion of degeneration {unknown}
 o - a potion of haste
 q - a potion of invisibility {unknown}

Dungeon Overview and Level Annotations

Branches:
Dungeon (7/15)             Temple (1/1) D:4

Altars:
Ashenzari
Cheibriados
Dithmenos
Hepliaklqana
Kikubaaqudgha
Makhleb
Nemelex Xobeh
Ru
Sif Muna
Wu Jian
Zin
The Shining One

Shops:
D:2 [


Message History

You shoot an arrow. The arrow hits the adder!
You kill the adder!
You now have 266 gold pieces (gained 16).
A sleepcap comes into view.
Found an escape hatch in the ceiling.
You shoot an arrow. The arrow hits the sleepcap.
The sleepcap is lightly damaged.
You hear a howl!
A howler monkey comes into view.
You shoot an arrow.
The arrow closely misses the howler monkey.
You shoot an arrow. The arrow hits the howler monkey!
The howler monkey is heavily wounded.
An ogre comes into view. It is wielding a +0 giant club.
You shoot an arrow. The arrow hits the howler monkey.
The howler monkey is severely wounded.
You shoot an arrow. The arrow hits the howler monkey.
You kill the howler monkey!
Your Ranged Weapons skill increases to level 10!
You shoot an arrow. The arrow hits the ogre!
The ogre is moderately wounded.
You shoot an arrow.
The arrow hits the ogre but does no damage.
The ogre is moderately wounded.
The ogre hits you with a +0 giant club!
You shoot an arrow.
The arrow hits the ogre but does no damage.
The ogre is moderately wounded.
You shoot an arrow. The arrow hits the ogre.
The ogre is moderately wounded.
The ogre hits you with a +0 giant club.
You shoot an arrow. The arrow hits the ogre!
The ogre is severely wounded.
You shoot an arrow. The arrow closely misses the ogre.
The arrow hits the sleepcap!
The sleepcap is moderately damaged.
You shoot an arrow. The arrow hits the ogre.
The ogre is almost dead.
The ogre hits you with a +0 giant club!
You die...

#.....#
####.....#
#........#
#......%.#
#........#
#....>...#
#........#
#........#
###@#..###
#O#.##
#f..#
.....
/....
.......
........
......<...


You could see an ogre and a sleepcap.

Vanquished Creatures
  2 scorpions
  A howler monkey (D:6)
  A jelly (D:5)
  An orc priest (D:3)
  An orc wizard (D:4)
  6 adders
  A worm (D:2)
  A dart slug (D:4)
  14 orcs
  A ball python (D:4)
  4 bats
  8 endoplasms
  6 giant cockroaches
  6 goblins
  7 hobgoblins
  6 jackals
  6 quokkas
  3 frilled lizards
  7 kobolds
  9 rats
91 creatures vanquished.

Notes
Turn   | Place    | Note
-------+----------+-------------------------------------------
     0 | D:1      | qw the Deep Elf Hunter began the quest for the Orb.
     0 | D:1      | Reached XP level 1. HP: 12/12 MP: 3/3
     0 | D:1      | 0 ||| qw: Version: 0.3-a-22-g0ed2b0b
     0 | D:1      | 0 ||| qw: Game counter: 5598
     0 | D:1      | 0 ||| qw: Melee chars always use a shield: true
     0 | D:1      | 0 ||| qw: God list: Okawaru
     0 | D:1      | 0 ||| qw: Allow faded altars: false
     0 | D:1      | 0 ||| qw: Do Orc after clearing Dungeon:15 true
     0 | D:1      | 0 ||| qw: Do second Lair branch before Depths: true
     0 | D:1      | 0 ||| qw: Lair rune preference: random
     0 | D:1      | 0 ||| qw: Goals: Normal
     0 | D:1      | 0 ||| PLANNING D:1-11
    49 | D:1      | 49 ||| DROPPING scroll of butterflies.
   126 | D:1      | Reached XP level 2. HP: 16/16 MP: 4/4
   135 | D:1      | Reached skill level 6 in Ranged Weapons
   569 | D:1      | 569 ||| UPGRADING to +0 ring mail.
   579 | D:1      | 579 ||| DROPPING +0 leather armour.
   580 | D:1      | 580 ||| READING scroll labelled HUNIASTRYIKH.
   585 | D:1      | 585 ||| READING scroll labelled NIYSOA BYNORCH.
   611 | D:2      | Reached XP level 3. HP: 20/20 MP: 5/5
   650 | D:2      | Found Gevaj's Armour Shop.
   658 | D:2      | 658 ||| SHOPLISTING +0 helmet of see invisible (126 gold,
                  | have 26).
   658 | D:2      | 658 ||| SHOPLISTING +1 ring mail of the Hanged Man {Dex+3}
                  | (245 gold, have 26).
   658 | D:2      | 658 ||| SHOPLISTING +3 crown of Dyrovepreva {rElec Int+2
                  | SInv} (455 gold, have 26).
   932 | D:2      | Reached skill level 7 in Ranged Weapons
  1100 | D:2      | Reached XP level 4. HP: 22/25 MP: 6/6
  1100 | D:2      | 1100 ||| FLEEEEING.
  1101 | D:2      | 1101 ||| FLEEEEING.
  1102 | D:2      | 1102 ||| FLEEEEING.
  1182 | D:2      | 1182 ||| UPGRADING to +0 pair of gloves.
  1187 | D:2      | 1187 ||| UPGRADING to ring of willpower.
  1188 | D:2      | 1188 ||| UPGRADING to ring of poison resistance.
  1189 | D:2      | 1189 ||| READING scroll labelled VAOZAZ KINKOAL.
  1190 | D:2      | 1190 ||| READING scroll labelled SEPSUSCHE EG CUO.
  1272 | D:3      | Found a faded altar of an unknown god.
  1300 | D:3      | Reached skill level 8 in Ranged Weapons
  1985 | D:3      | 1985 ||| UPGRADING to +0 helmet.
  1990 | D:3      | 1990 ||| DROPPING ring of magical power.
  1991 | D:3      | 1991 ||| READING scroll labelled PONWAT COC ESYOL.
  1992 | D:3      | 1992 ||| DRINKING 2 fuming inky potions.
  1993 | D:3      | 1993 ||| READING 2 scrolls of identify.
  1993 | D:3      | 1993 ||| IDENTIFYING murky clear potion
  2101 | D:4      | Reached XP level 5. HP: 29/29 MP: 7/7
  2142 | D:4      | Found a sparkling altar of Nemelex Xobeh.
  2171 | D:4      | Found a staircase to the Ecumenical Temple.
  2172 | D:4      | 2172 ||| PLANNING TEMPLE
  2172 | D:4      | 2172 ||| READING scroll labelled UFUUPA ZUKIC.
  2177 | Temple   | Entered the Ecumenical Temple
  2378 | Temple   | 2378 ||| PLANNING D:1-11
  2422 | D:4      | HP: 7/29 [poisoned by a scorpion]
  2423 | D:4      | Reached skill level 9 in Ranged Weapons
  2426 | D:4      | HP: 3/29 [poisoned by a scorpion]
  2456 | D:4      | 2456 ||| FLEEEEING.
  2457 | D:4      | 2457 ||| FLEEEEING.
  2458 | D:4      | 2458 ||| STAIRDANCE
  2541 | D:3      | 2541 ||| DROPPING +6 ring of intelligence.
  2546 | D:4      | 2546 ||| STAIRDANCE
  2571 | D:4      | 2571 ||| STAIRDANCE
  2827 | D:4      | 2827 ||| DRINKING 2 inky potions.
  2828 | D:4      | 2828 ||| DRINKING 2 fuming amethyst potions.
  2863 | D:4      | 2863 ||| READING 2 scrolls of identify.
  2863 | D:4      | 2863 ||| IDENTIFYING ruby potion
  2864 | D:4      | 2864 ||| DROPPING potion of lignification.
  2890 | D:5      | Entered Level 5 of the Dungeon
  2901 | D:5      | Reached XP level 6. HP: 35/35 MP: 8/8
  3033 | D:5      | Reached skill level 1 in Armour
  3093 | D:5      | You fall into a shaft and drop 2 floors!
  3094 | D:7      | 3094 ||| DRINKING 2 clear potions.
  3095 | D:7      | 3095 ||| READING 3 scrolls of identify.
  3095 | D:7      | 3095 ||| IDENTIFYING murky ruby potion
  3096 | D:7      | 3096 ||| READING 2 scrolls of identify.
  3096 | D:7      | 3096 ||| IDENTIFYING cyan potion
  3097 | D:7      | 3097 ||| DROPPING potion of attraction.
  3119 | D:6      | Reached skill level 10 in Ranged Weapons
  3125 | D:6      | Slain by an ogre

Levels and vault maps discovered:
D:1:      nzn_arrival_crosshair, layout_basic, feat_on_display
D:2:      layout_basic, serial_shops, shop
D:3:      layout_basic, hellmonk_ecumenical_altar_zigzags
D:4:      kennysheep_big_flooded_room, layout_rooms, nemelex_dance_club_becter
D:5:      layout_basic, grunt_ministairs_10
D:6:      layout_rooms, fiery_altar_vehumet, uniq_blork_the_orc, uniq_sigmund,
          uniq_menkaure
D:7:      layout_rooms, serial_aquarium, aquarium_bridge_square
          [aquarium_subvault_wall, aquarium_subvault_bridge,
          aquarium_subvault_wall, aquarium_subvault_wall], aquarium_window_1,
          aquarium_window_corridor_2, aquarium_view_2c, aquarium_pool_1
Temple:   minmay_temple_curvy_loop

Skill      XL: |  1  2  3  4  5  6 |
---------------+-------------------+-----
Ranged Weapons | 6 7 8 9 10 | 10.0
Fighting       | 2 |  2.0
Armour         | 1 |  1.1
Dodging        | |  2.4
Stealth        | |  1.2

Action                     |  1- 3 |  4- 6 || total
---------------------------+-------+-------++-------
   Fire: Shortbow          |   129 |   161 ||   290
    Use: Scroll            |     2 |     8 ||    10
         Potion            |       |     4 ||     4
 Armour: Leather armour    |    16 |       ||    16
         Ring mail         |     3 |    28 ||    31
  Dodge: Dodged            |    31 |    56 ||    87

Table legend:
 A = Non-vault XP
 B = Vault XP
 C = Vault XP percentage of total XP
 D = Non-vault monster count
 E = Vault monster count
 F = Vault count percentage of total count
                 A         B        C        D         E       F
            +---------+---------+-------+---------+---------+-------
      Total |     449 |     128 |  22.2 |      85 |       6 |   6.6
            +---------+---------+-------+---------+---------+-------
        D:1 |      37 |       0 |   0.0 |      23 |       0 |   0.0
        D:2 |      61 |       0 |   0.0 |      21 |       0 |   0.0
        D:3 |      79 |       0 |   0.0 |      18 |       0 |   0.0
        D:4 |     191 |       9 |   4.5 |      20 |       4 |  16.7
        D:5 |      13 |     119 |  90.2 |       1 |       2 |  66.7
        D:6 |      68 |       0 |   0.0 |       2 |       0 |   0.0
            +---------+---------+-------+---------+---------+-------
